 Dungeon Crawl Stone Soup version 0.18.1-50-g88ac8fd (webtiles) character file.

66755 magog001 the Warrior (level 14, -16/146 HPs)
             Began as a Minotaur Fighter on May 18, 2017.
             Killed by the raging water
             ... invoked by a water nymph
              (20 damage)
             ... on level 1 of the Shoals on May 19, 2017.
             The game lasted 01:51:44 (16639 turns).

magog001 the Warrior (Minotaur Fighter)            Turns: 16639, Time: 01:51:48

Health: -16/146    AC: 44    Str: 25      XL:     14   Next: 80%
Magic:  24/24      EV:  5    Int:  9 (10) God:
Gold:   1367       SH: 16    Dex: 11      Spells: 0 memorised, 13 levels left

rFire  + . .     SeeInvis .     Q - +7 war axe of the Nexus {chop, rC++ rN++}
rCold  + + +     Gourm    +     e - +0 crystal plate armour {rC+}
rNeg   + + .     Faith    .     c - +0 shield
rPois  +         Spirit   .     M - +3 hat of Pondering {ponderous, MR+ MP+10 Int+5}
rElec  +         Dismiss  .     t - +2 cloak
rCorr  +         Reflect  .     Z - +2 pair of gloves {rC+}
SustAt .         Harm     .     (no boots)
MR     ++...                    u - amulet of the gourmand
Stlth  ..........               W - +4 ring of protection
                                r - +6 ring of protection

@: resistant, mesmerised, slow, very resistant to hostile enchantments,
extremely unstealthy
A: retaliatory headbutt, horns 2, large bone plates 1, blink, deterioration 1
a: Blink


You were on level 1 of the Shoals.
You were very full.

You visited 3 branches of the dungeon, and saw 18 of its levels.
You also visited: Ice Cave.

You collected 1367 gold pieces.

Inventory:

Hand Weapons
 Q - the +7 war axe of the Nexus (weapon) {chop, rC++ rN++}
   (You found it on level 9 of the Dungeon)

   It inflicts extra damage upon your enemies.
   It greatly protects you from cold.
   It greatly protects you from negative energy.
Missiles
 n - a tomahawk (quivered)
 F - 7 javelins
Armour
 c - a +0 shield (worn)
 e - a +0 crystal plate armour of cold resistance (worn)
 t - a +2 cloak (worn)
 M - the +3 hat of Pondering (worn) {ponderous, MR+ MP+10 Int+5}
   (You took it off Gastronok on level 1 of the Lair of Beasts)

   It affects your intelligence (+5).
   It affects your resistance to hostile enchantments.
   It affects your magic capacity (+10).
 Z - a +2 pair of gloves of cold resistance (worn)
Jewellery
 r - a +6 ring of protection (left hand)
 u - an amulet of the gourmand (around neck)
 W - a +4 ring of protection (right hand)
Wands
 a - a wand of lightning (4/15)
 o - a wand of slowing (29/48)
 w - a wand of teleportation (3/9)
 y - a wand of acid (8/15)
 z - a wand of polymorph (0/24)
 C - a wand of confusion (17/48)
 K - a wand of paralysis (10/24)
 N - a wand of digging (11/24)
 O - a wand of acid (0/15)
 T - a wand of digging (6/24)
 U - a wand of digging (12/24)
Scrolls
 g - 3 scrolls of magic mapping
 h - 9 scrolls of remove curse
 l - 2 scrolls of fear
 v - 2 scrolls of recharging
 x - 10 scrolls of teleportation
 B - 2 scrolls of fog
 H - 5 scrolls of identify
 S - 2 scrolls of enchant armour
 X - 2 scrolls of amnesia
Potions
 b - a potion of flight
 d - a potion of berserk rage {unknown}
 i - a potion of agility
 k - a potion of heal wounds
 G - 2 potions of magic
 I - 2 potions of curing
 L - a potion of invisibility
 P - a potion of haste
 R - a potion of lignification {unknown}
Miscellaneous
 m - a disc of storms
 p - a crystal ball of energy
 V - a stone of tremors
Comestibles
 f - 18 bread rations
 j - 23 fruits
 A - 6 meat rations
 D - a royal jelly
 E - 4 slices of pizza
 J - 8 beef jerkies


   Skills:
 * Level 19.2 Fighting
 - Level 11.8(11.9) Axes
   Level 1.9(7.9) Polearms
 + Level 12.8 Armour
 - Level 0.4 Dodging
 - Level 0.3 Stealth
 + Level 16.2 Shields
 + Level 2.0 Evocations


You had 13 spell levels left.
You didn't know any spells.

Dungeon Overview and Level Annotations

Branches:
Dungeon (9/15)             Temple (0/1) D:4            Lair (8/8) D:8
 Shoals (1/4) Lair:5        Snake (0/4) Lair:3        Slime (0/6) Lair:7
    Orc: D:9-12

Altars:
Ashenzari
Dithmenos
Elyvilon
Fedhas
Makhleb
Okawaru
Pakellas
Qazlal
Xom
Yredelemnul
Jiyva


Innate Abilities, Weirdness & Mutations

You reflexively headbutt those who attack you in melee.
You have a pair of horns on your head.
You are partially covered in large bone plates (AC +2, SH +2).
You can translocate small distances at will.
Your body sometimes deteriorates upon taking damage.


Message History

Moving in this stuff is going to be slow.
The merfolk avatar chants its luring song.
You block the water nymph's attack.
You fail to use your ability.
The merfolk avatar chants its luring song.
The drowned soul touches you. The drowned soul drowns you!
* * * LOW HITPOINT WARNING * * *
Your body deteriorates!
You feel dopey. You block the water nymph's attack.
Drink which item? (? for menu, Esc to quit)
Okay, then.
Read which item? (? for menu, Esc to quit)
As you read the scroll of fog, it crumbles to dust.
The scroll dissolves into smoke.
The drowned soul touches you. The drowned soul drowns you!
* * * LOW HITPOINT WARNING * * *
The merfolk avatar chants its luring song.
The water nymph gestures at you while chanting.
The water swirls and strikes you!
You die...

##################
≈≈≈≈≈≈≈≈≈≈≈≈≈≈≈≈≈≈≈≈≈≈≈≈≈≈
≈≈≈≈≈≈≈≈≈≈≈≈≈≈≈≈≈≈≈≈≈≈≈≈≈≈
≈≈≈≈≈≈≈≈≈≈≈≈≈≈≈≈≈≈≈≈≈≈≈≈≈≈
≈≈≈≈≈≈≈≈≈≈≈≈≈≈≈≈≈≈≈≈≈≈≈≈≈≈
≈≈≈≈≈≈≈≈≈≈≈≈≈≈≈≈≈≈≈≈≈≈≈≈≈≈
P≈.≈≈≈≈≈≈≈≈≈≈≈≈≈≈Wm≈≈≈≈≈≈≈
P≈.≈≈≈...≈≈≈≈≈≈§§m≈≈≈≈≈≈≈≈
P≈≈≈≈....?≈≈≈≈.§@W≈≈≈≈≈≈≈≈
≈≈.≈≈.##..≈≈≈..§§≈(≈≈≈≈≈≈≈
.......#......###(≈≈≈≈≈≈≈≈
.....≈≈....#.## #..≈≈≈≈≈≈≈
.....≈≈≈≈.#### ###.≈≈≈≈≈≈≈
....≈≈≈≈..# ##...≈≈≈≈≈≈≈
...≈≈≈≈≈..### #..≈≈≈≈≈≈≈≈≈
≈....≈≈≈≈.t.###.≈≈≈≈≈≈≈≈≈≈
≈..≈..≈≈≈≈.........≈≈≈≈≈≈≈


You could see a merfolk avatar, a water nymph and 2 drowned souls.

Vanquished Creatures
  Gastronok (Lair:1)
  Josephine (Lair:6)
  6 hydras
  3 catoblepae (Lair:8)
  An alligator snapping turtle (Shoals:1)
  23 death yaks
  A fire crab (Lair:7)
  2 sea snakes (Shoals:1)
  The ghost of mopl the Carver, a novice VSWr of Pakellas (D:7)
  A hill giant (D:9)
  Pikel (D:7)
  5 griffons
  A hornet (shapeshifter) (Lair:4)
  2 ice statues (IceCv)
  20 elephants
  2 sirens (Lair:5)
  2 water nymphs (Shoals:1)
  2 torpor snails
  A centaur skeleton (D:8)
  6 black mambas
  4 rime drakes
  11 komodo dragons
  4 spiny frogs
  8 ice devils (IceCv)
  3 merfolk
  12 blink frogs
  A snapping turtle (Shoals:1)
  3 wraiths (Lair:6)
  A spriggan (Lair:7)
  33 yaks
  8 hippogriffs
  Menkaure (D:4)
  8 crocodiles
  The ghost of mopl the Slasher, an amateur VSWr (D:3)
  2 hell hounds (D:8)
  18 water moccasins
  14 porcupines
  A sky beast (D:5)
  4 phantoms
  2 orc warriors
  2 ice beasts
  A slave (D:7)
  8 ogres
  4 centaurs
  A necrophage (D:7)
  7 wolves
  17 giant frogs
  3 scorpions
  A water moccasin skeleton (D:6)
  10 killer bees
  A howler monkey (D:6)
  3 crimson imps (D:6)
  Crazy Yiuf (D:4)
  A giant frog skeleton (D:9)
  A jelly (D:8)
  3 hounds
  3 orc priests
  A gnoll shaman (D:9)
  4 orc wizards
  Jessica (D:2)
  4 iguanas
  6 hell rats (Lair:5)
  5 worker ants
  8 sheep
  2 hound skeletons (D:4)
  10 gnolls
  6 adders
  A howler monkey skeleton (D:5)
  71 river rats
  A shadow imp (D:9)
  9 white imps (IceCv)
  5 ufetubi (IceCv)
  3 oozes
  An adder skeleton (D:8)
  4 worms
  3 dart slugs
  6 giant geckos
  23 orcs
  5 giant cockroaches
  12 goblins
  9 hobgoblins
  4 jackals (D:6)
  8 kobolds
  4 quokkas
  13 bats
  A giant gecko skeleton (D:5)
  13 giant newts
  A jackal skeleton (D:6)
  A quokka skeleton (D:7)
  10 rats
  12 fungi
  12 plants
567 creatures vanquished.

Vanquished Creatures (others)
  3 slaves (D:7)
  A jelly (D:2)
  An orc wizard (D:7)
  3 ufetubi (IceCv)
  4 fungi
  5 plants
17 creatures vanquished.

Grand Total: 584 creatures vanquished

Notes
Turn   | Place    | Note
--------------------------------------------------------------
     0 | D:1      | magog001 the Minotaur Fighter began the quest for the Orb.
     0 | D:1      | Reached XP level 1. HP: 19/19 MP: 0/0
   162 | D:1      | Reached XP level 2. HP: 27/27 MP: 1/1
   261 | D:1      | Reached skill level 4 in Fighting
   461 | D:1      | Reached XP level 3. HP: 33/33 MP: 2/2
   797 | D:2      | Noticed Jessica
   800 | D:2      | Killed Jessica
   800 | D:2      | Reached XP level 4. HP: 41/41 MP: 3/3
  1452 | D:2      | Found an oddly glowing altar of Pakellas.
  1452 | D:2      | Noticed an orange crystal statue
  1839 | D:3      | Found a shimmering altar of Xom.
  1848 | D:3      | Found a basalt altar of Yredelemnul.
  2120 | D:3      | Reached XP level 5. HP: 40/47 MP: 4/4
  2143 | D:3      | Reached skill level 5 in Fighting
  2230 | D:3      | Noticed mopl's ghost (amateur VSWr)
  2236 | D:3      | Killed mopl's ghost
  2236 | D:3      | Reached skill level 5 in Armour
  2236 | D:3      | Reached skill level 5 in Shields
  2236 | D:3      | Reached XP level 6. HP: 15/56 MP: 5/5
  2431 | D:3      | Found a blossoming altar of Fedhas.
  2545 | D:4      | Gained mutation: You can translocate small distances at will. [potion of mutation]
  2545 | D:4      | Gained mutation: You are partially covered in large bone plates (AC +2, SH +2). [potion of mutation]
  2545 | D:4      | Gained mutation: Your body sometimes deteriorates upon taking damage. [potion of mutation]
  2908 | D:4      | Noticed Menkaure
  2913 | D:4      | Killed Menkaure
  2913 | D:4      | Reached skill level 5 in Axes
  2996 | D:4      | Reached XP level 7. HP: 62/62 MP: 6/6
  3089 | D:4      | Noticed Crazy Yiuf
  3093 | D:4      | Killed Crazy Yiuf
  3389 | D:4      | Found a staircase to the Ecumenical Temple.
  3448 | D:5      | Entered Level 5 of the Dungeon
  3451 | D:5      | Reached skill level 6 in Fighting
  3957 | D:5      | Reached skill level 7 in Fighting
  3957 | D:5      | Reached XP level 8. HP: 73/73 MP: 7/7
  3977 | D:6      | Found a burning altar of Makhleb.
  4118 | D:6      | Found a shattered altar of Ashenzari.
  4469 | D:6      | Reached skill level 8 in Fighting
  4912 | D:7      | Noticed Pikel
  4922 | D:7      | Killed Pikel
  4922 | D:7      | Reached XP level 9. HP: 82/82 MP: 8/8
  5205 | D:7      | Reached skill level 9 in Fighting
  5257 | D:7      | Reached skill level 10 in Axes
  5859 | D:7      | Noticed mopl's ghost (novice VSWr)
  5867 | D:7      | Killed mopl's ghost
  5912 | D:7      | Reached XP level 10. HP: 89/91 MP: 9/9
  6175 | D:8      | Found a staircase to the Lair.
  6320 | D:8      | Found a shadowy altar of Dithmenos.
  6329 | D:8      | Reached skill level 10 in Fighting
  6466 | D:8      | Found a stormy altar of Qazlal.
  6466 | D:8      | Found a white marble altar of Elyvilon.
  6468 | D:8      | Found a burning altar of Makhleb.
  6989 | D:9      | Got a warped falchion
  7008 | D:9      | Identified the cursed +1 falchion of the Demagogue {slice, rElec Int+10 Dex-5} (You found it on level 9 of the Dungeon)
  7324 | D:9      | Noticed a hill giant
  7335 | D:9      | Killed a hill giant
  7335 | D:9      | Reached skill level 11 in Fighting
  7547 | D:9      | Got a steaming war axe
  7548 | D:9      | Identified the +7 war axe of the Nexus {chop, rC++ rN++} (You found it on level 9 of the Dungeon)
  7597 | D:9      | Found an iron altar of Okawaru.
  7925 | Lair:1   | Entered Level 1 of the Lair of Beasts
  8007 | Lair:1   | Reached skill level 10 in Shields
  8045 | Lair:1   | Noticed an eight-headed hydra
  8056 | Lair:1   | Killed an 11-headed hydra
  8056 | Lair:1   | Reached XP level 11. HP: 94/103 MP: 10/10
  8207 | Lair:1   | Noticed Gastronok
  8216 | Lair:1   | Killed Gastronok
  8216 | Lair:1   | Reached skill level 12 in Fighting
  9480 | Lair:2   | Reached skill level 1 in Evocations
  9669 | Lair:2   | Reached skill level 13 in Fighting
 10021 | Lair:3   | Found a staircase to the Snake Pit.
 10181 | Lair:3   | Reached skill level 10 in Armour
 10439 | Lair:3   | Reached XP level 12. HP: 115/115 MP: 11/11
 10483 | Lair:3   | Reached skill level 14 in Fighting
 10747 | Lair:4   | Found a white marble altar of Elyvilon.
 10782 | Lair:4   | Found a frozen archway.
 10826 | IceCv    | Entered an ice cave
 11320 | Lair:4   | Reached skill level 15 in Fighting
 11706 | Lair:4   | Got a brightly glowing hand crossbow
 11707 | Lair:4   | Identified the +6 hand crossbow "Tyiwk" {penet, Fragile Int+4 SInv} (You found it on level 4 of the Lair of Beasts)
 11781 | Lair:5   | Noticed a five-headed hydra
 11789 | Lair:5   | Killed a five-headed hydra
 11980 | Lair:5   | Reached skill level 1 in Polearms
 11993 | Lair:5   | Reached XP level 13. HP: 107/127 MP: 12/12
 12309 | Lair:5   | Found a staircase to the Shoals.
 12460 | Lair:5   | Reached skill level 16 in Fighting
 12902 | Lair:6   | Noticed Josephine
 12911 | Lair:6   | Killed Josephine
 12960 | Lair:6   | Reached skill level 17 in Fighting
 14160 | Lair:7   | Reached skill level 15 in Shields
 14218 | Lair:7   | Reached XP level 14. HP: 139/141 MP: 13/13
 14239 | Lair:7   | Reached skill level 18 in Fighting
 14366 | Lair:7   | Found a staircase to the Slime Pits.
 14368 | Lair:7   | Found a viscous altar of Jiyva.
 14544 | Lair:8   | Entered Level 8 of the Lair of Beasts
 15308 | Lair:8   | Got a faintly glowing plate armour
 15387 | Lair:8   | Identified the +2 plate armour "Pesouluph" {rCorr Int-4 Dex+3 Stlth+} (You found it on level 8 of the Lair of Beasts)
 15748 | Lair:7   | Reached skill level 19 in Fighting
 15855 | Shoals:1 | Entered Level 1 of the Shoals
 16639 | Shoals:1 | HP: 4/146 [drowned by a drowned soul[a merfolk avatar] (10)]
 16639 | Shoals:1 | Killed from afar by a water nymph

Skill      XL: |  1  2  3  4  5  6  7  8  9 10 11 12 13 14 |
---------------+-------------------------------------------+-----
Armour         | 4 5 6 7 8 10 11 12 | 12.8
Fighting       | 4 5 7 8 9 11 13 15 17 19 | 19.2
Shields        | 4 5 6 7 8 10 11 13 15 16 | 16.2
Axes           | 3 4 5 6 9 10 11 | 11.8
Evocations     | 1 2 |  2.0
Polearms       | 1 |  1.9
Dodging        | |  0.4
Stealth        | |  0.3

Action                   |  1- 3 |  4- 6 |  7- 9 | 10-12 | 13-15 || total
-------------------------+-------+-------+-------+-------+-------++-------
Melee: War axe           |    73 |   160 |   225 |   499 |   588 ||  1545
       Headbutt          |     8 |    29 |    37 |   145 |   170 ||   389
       Flail             |       |       |       |    43 |       ||    43
       Falchion          |       |       |       |    11 |       ||    11
       Lance             |       |       |       |    39 |       ||    39
Throw: Javelin           |       |       |     3 |     3 |     1 ||     7
       Tomahawk          |       |       |       |       |    14 ||    14
 Abil: Blink             |       |     1 |     1 |     3 |     5 ||    10
Evoke: Wand              |       |       |       |     6 |    14 ||    20
  Use: Scroll            |       |     8 |     5 |    11 |     3 ||    27
       Potion            |       |     7 |       |     2 |     8 ||    17
 Stab: Invisible         |       |       |       |     1 |       ||     1
       Petrified         |       |       |       |       |     3 ||     3
  Eat: Chunk             |       |     6 |    15 |    23 |    16 ||    60
       Meat ration       |       |     1 |       |       |       ||     1
Armor: Scale mail        |    29 |    23 |       |       |       ||    52
       Plate armour      |       |    73 |   114 |   249 |       ||   436
       Crystal plate arm |       |       |       |    58 |   527 ||   585
Dodge: Dodged            |    30 |    35 |    33 |    88 |   105 ||   291
Block: Shield            |    47 |    75 |   132 |   397 |   497 ||  1148
